 Dungeon Crawl Stone Soup version 0.29-a0-923-g6e406bff71 (webtiles) character file.

Game seed: 7481030208066549289

143315 Sobieck the Eclecticist (level 17, -7/115 HPs)
             Began as a Djinni Fire Elementalist on July 27, 2022.
             Was the Champion of Hepliaklqana.
             Mangled by a balrug
             ... wielding a +0 demon whip of electrocution
             ... summoned by Asterion
              (15 damage)
             ... on level 4 of the Snake Pit.
             The game lasted 01:46:21 (30273 turns).

Sobieck the Eclecticist (Djinni Fire Elementalist) Turns: 30273, Time: 01:46:21

Health: -7/115     AC: 22    Str:  7    XL:     17   Next: 99%
Gold:   1557       EV: 14    Int: 25    God:    Hepliaklqana [******] SH: 10 Dex: 14

rFire   + + +      SeeInvis .   a - staff of fire {!astaff}
rCold   . . .      Faith    .   h - +0 kite shield {reflect}
rNeg    . . .      Spirit   .   X - +3 troll leather armour
rPois   ∞          Reflect  +   S - +4 helmet of Dithmenos's Outrage {rElec Will+ rCorr}
rElec   +          Harm     .   t - +0 cloak
rCorr   +          Rampage  .   B - +0 pair of gloves
Will    ++...                   (boots unavailable)
Stlth   ++........              C - amulet of the acrobat
HPRegen 1.09/turn               j - ring of the Tortoise {AC+8}
MPRegen 0.00/turn               r - ring of protection from cold

@: death channelling, flying, hasted, very quick
A: reduced essence, sickness immunity, fire resistance 2, cold vulnerability 1,
float, innate caster, HP casting, extra vitality 1
a: Renounce Religion, Recall Ancestor, Ancestor Identity, Transference, Idealise


You were on level 4 of the Snake Pit.
You worshipped Hepliaklqana.
Hepliaklqana was exalted by your worship.
You visited 5 branches of the dungeon, and saw 27 of its levels.
You also visited: Gauntlet.

You collected 3917 gold pieces.
You spent 2360 gold pieces at shops.


Innate Abilities, Weirdness & Mutations

Your life essence is reduced to manifest your ancestor. (-10% HP)
You are immune to sickness and miasma.
You are immune to poison.
Your flesh is very heat resistant. (rF++)
You are vulnerable to cold. (rC-)
You float through the air rather than walking.
You learn spells naturally, not from books.
Your magical power is your life essence.
You have superior vitality. (+4 MHP)


   Skills:
 + Level 13.8 Fighting
 + Level 9.6 Dodging
 - Level 1.5 Stealth
 + Level 7.8 Shields
 - Level 19.0 Spellcasting
 - Level 7.0 Invocations


You had 11 spell levels left.
You knew the following spells:

 Your Spells              Type           Power      Damage    Failure   Level
a - Foxfire               Conj/Fire      100%       2x1d9     0%          1
b - Scorch                Fire           100%       2d10      0%          2
c - Conjure Flame         Conj/Fire      100%       6-21      0%          3
d - Inner Flame           Hex/Fire       100%       N/A       0%          3
e - Flame Wave            Conj/Fire      100%       2d21      1%          4
f - Freeze                Ice            100%       1d11      0%          1
g - Ensorcelled Hibernat  Hex/Ice        100%       N/A       0%          2
h - Static Discharge      Conj/Air       87%        3-14/arc  0%          2
i - Frozen Ramparts       Ice            100%       1d12      0%          3
j - Airstrike             Air            43%        0-14+     1%          4
k - Agony                 Necr           87%        N/A       1%          5
l - Death Channel         Necr           43%        N/A       1%          6
m - Enfeeble              Hex            43%        N/A       2%          7
Your spell library was empty.

Inventory:

Hand Weapons
 c - the +10 long sword of Fimbulwinter {vorpal, Drain rF+ rN+, long}
   (You bought it in a shop on level 2 of the Orcish Mines)

   It inflicts extra damage upon your enemies.
   rF:        It protects you from fire.
   rN:        It protects you from negative energy.
   Drain:     It drains your maximum health when unequipped.
Missiles
 g - 7 silver boomerangs {throwing}
 i - 11 curare-tipped darts {=fthrowing}
 o - 44 poisoned darts {throwing}
 q - a throwing net {=f!fthrowing}
 x - 23 javelins {throwing}
 y - 15 boomerangs {throwing}
 Q - 2 silver javelins {throwing}
Armour
 h - a +0 kite shield of reflection (worn)
   (You took it off a naga warrior on level 2 of the Snake Pit)
 t - a +0 cloak (worn)
   (You took it off Nikola on level 2 of the Snake Pit)
 B - a +0 pair of gloves (worn)
   (You found it on level 8 of the Dungeon)
 S - the +4 helmet of Dithmenos's Outrage (worn) {rElec Will+ rCorr}
   (You found it on level 9 of the Dungeon)

   rElec:     It insulates you from electricity.
   rCorr:     It protects you from acid and corrosion.
   Will:      It increases your willpower.
 X - a +3 troll leather armour (worn)
   (You found it on level 11 of the Dungeon)
Magical Staves
 a - a staff of fire (weapon) {!astaff}
   (You found it on level 4 of the Dungeon)
 b - a staff of death {!astaff}
   (You found it in a Gauntlet)
 V - a staff of earth {!astaff}
   (You found it on level 6 of the Dungeon)
Jewellery
 j - the ring of the Tortoise (left hand) {AC+8}
   (You bought it in a shop on level 7 of the Dungeon)

   [ring of protection]

   AC:        It affects your AC (+8).
 r - a ring of protection from cold (right hand)
   (You found it on level 7 of the Dungeon)
 C - an amulet of the acrobat (around neck)
   (You found it on level 1 of the Lair of Beasts)
 G - a ring of fire
   (You found it on level 7 of the Dungeon)
 K - a ring of protection from cold
   (You found it on level 8 of the Dungeon)
 M - a ring of wizardry
   (You found it on level 5 of the Dungeon)
 Y - a ring of positive energy
   (You found it on level 10 of the Dungeon)
Wands
 u - a wand of quicksilver (8)
   (You found it in a Gauntlet)
 F - a wand of roots (25)
   (You found it on level 9 of the Dungeon)
 I - a wand of flame (29)
   (You found it on level 11 of the Dungeon)
 O - a wand of digging (9)
   (You found it on level 9 of the Dungeon)
 Z - a wand of mindburst (17)
   (You found it on level 11 of the Dungeon)
Scrolls
 f - a scroll of magic mapping {!r}
 l - 3 scrolls of poison
 m - a scroll of enchant weapon
 v - a scroll of silence {!r}
 w - a scroll of immolation {!r!r}
 z - 5 scrolls of noise {!r}
 A - 9 scrolls of teleportation {@r4}
 E - 10 scrolls of fear
 L - 8 scrolls of vulnerability {!r!r}
 N - 4 scrolls of blinking {!r}
 T - 8 scrolls of fog
 U - 7 scrolls of identify {@r1}
Potions
 d - 6 potions of attraction {!q}
 e - a potion of mutation {!q}
 k - 3 potions of might
 n - 13 potions of curing {@q1}
 p - 6 potions of brilliance
 s - 2 potions of lignification {!q}
 D - 4 potions of resistance
 H - a potion of flight
 J - 4 potions of ambrosia
 P - a potion of berserk rage {!q}
 R - 7 potions of haste {@q3}
 W - 2 potions of invisibility

Dungeon Overview and Level Annotations

Branches:
Dungeon (15/15) Zot: 25883  Temple (1/1) D:5 Zot: 5960    Lair (5/5) D:11 Zot: 23855
  Swamp (0/4) Lair:2        Snake (4/4) Lair:3 Zot: 20685   Slime (0/5) Lair:5
    Orc (2/2) D:10 Zot: 9844     Elf (0/3) Orc:2        Vaults (0/5) D:14
 Depths (0/4) D:15        Gauntlet (visited)

Altars:
Ashenzari
Cheibriados
Dithmenos
Elyvilon
Fedhas
Gozag
Hepliaklqana
Makhleb
Nemelex Xobeh
Okawaru
Qazlal
Ru
Trog
Uskayaw
Wu Jian
Xom
Yredelemnul
Zin
The Shining One

Shops:
D:6 (   D:7 =   D:10 ?   Orc:1 ?   Orc:2 =*(*   Snake:3 ?

Portals:
Pandemonium: Orc:2

Annotations:
D:9 2 transporters
Snake:1 3 runed translucent doors
Snake:2 3 runed translucent doors, Arruroer's ghost, journeyman MiAK; Itub's ghost, adept GrFi; Yogidamonk's ghost, journeyman MiBe
Snake:4 Asterion

#....N.[.....#
....N..N.#...
............#
#...........#
#...).......#
#...RZS....#+#
#..ZHZ......#
#.2@.....#
##.......#
##..##..# #..#
.# ###. #. #


You could see the friendly Fikile the knight, Asterion (fast, distracted, weak,
drained, ally target), a nagaraja, a balrug (summoned), a salamander mystic, a
shock serpent (combustible, drained, ally target), a naga, a friendly spectral
naga, a friendly spectral shock serpent and a friendly spectral naga
sharpshooter.


Message History

Asterion hits you with a +2 morningstar of protection!
* * * LOW HITPOINT WARNING * * *
You block Asterion's attack.
A shock serpent comes into view.
You block the shock serpent's attack. Asterion misses you.
Asterion barely misses you.
Asterion blocks Fikile's attack.
Casting: Flame Wave (safe; 1% risk of failure)
Confirm with . or Enter, or press ? or * to list all spells.
Restarting spell: Flame Wave (safe; 1% risk of failure)
Press: ? - help, Dir - look around, f - activate You feel a surge of power!
A wave of flame ripples out!
The flame wave engulfs Asterion.
The flame wave engulfs the shock serpent!!
You kill the shock serpent! (Press . to intensify the flame waves.)
* * * LOW HITPOINT WARNING * * *
A glowing mist starts to gather...
The air sparks with electricity, shocking you!
You resist.
You hear a shout!
Asterion mumbles some strange prayers to Makhleb.
Asterion blocks Fikile's attack.
Fikile hits the balrug with a +0 broad axe of flaming.
Casting: Flame Wave (safe; 1% risk of failure)
Confirm with . or Enter, or press ? or * to list all spells.
Restarting spell: Flame Wave (safe; 1% risk of failure)
Press: ? - help, Dir - look around, f - activate You feel a surge of power!
A wave of flame ripples out!
The flame wave engulfs Asterion but does no damage. (Press . to intensify the flame waves.)
* * * LOW HITPOINT WARNING * * *
You block Asterion's attack. Asterion gores you but does no damage.
Fikile hits Asterion with a +0 broad axe of flaming!
Fikile burns Asterion.
Asterion hits you but does no damage. Asterion gores you.
* * * LOW HITPOINT WARNING * * *
Casting: Flame Wave (safe; 1% risk of failure)
Confirm with . or Enter, or press ? or * to list all spells.
Okay, then.
Unknown command.
You feel yourself speed up.
A nagaraja comes into view. It is wielding a +0 club.
Asterion hits you but does no damage. Asterion gores you but does no damage.
A salamander mystic comes into view.
It is wielding a +1 scimitar of holy wrath.
Your spectral naga sharpshooter hits Asterion but does no damage.
Your spectral naga sharpshooter grabs Asterion.
Your spectral naga sharpshooter constricts Asterion.
Your spectral shock serpent bites Asterion but does no damage.
Fikile hits Asterion with a +0 broad axe of flaming!!
Fikile burns Asterion.
Okay, then.
Unknown command.
Unknown command.
Casting: Flame Wave (safe; 1% risk of failure)
Confirm with . or Enter, or press ? or * to list all spells.
Aiming: Enfeeble (dangerous; 2% risk of failure)
Press: ? - help, Shift-Dir - straight line, f - Asterion
Aim: Asterion, wielding a +2 morningstar of protection, wearing a +0 scale mail and wearing a +0 kite shield (almost dead, constricted by your spectral naga sharpshooter, fast, not watching you, lightly drained, ally target, will inflict weakness, chance to daze and blind: 73%) Asterion partially resists.
Asterion is enfeebled!
* * * LOW HITPOINT WARNING * * *
Asterion barely misses you. You block Asterion's attack.
The balrug hits you with a +0 demon whip of electrocution!
* * * LOW HITPOINT WARNING * * *
You are engulfed in flames.
You resist.
* * * LOW HITPOINT WARNING * * *
The shock serpent bites your spectral shock serpent!
The shock serpent shocks your spectral shock serpent!
A naga comes into view. It is wielding a +0 halberd.
Your spectral shock serpent bites the shock serpent.
Your spectral shock serpent drains the shock serpent.
Unknown command.
Unknown command.
Unknown command.
Okay, then.
Unknown command.
Casting: Enfeeble (dangerous; 2% risk of failure)
Confirm with . or Enter, or press ? or * to list all spells.
Okay, then.
Unknown command.
Press: ? - help, v - describe, . - travel
Here: Asterion, wielding a +2 morningstar of protection, wearing a +0 scale mail and wearing a +0 kite shield (almost dead, constricted by your spectral naga sharpshooter, fast, weak, lightly drained, ally target)
The floor, spattered with blood.
Unknown command.
Casting: Enfeeble (dangerous; 2% risk of failure)
Confirm with . or Enter, or press ? or * to list all spells.
You feel a surge of power!
Flames lash the shock serpent.
The shock serpent's fire resistance burns away.
* * * LOW HITPOINT WARNING * * *
Asterion barely misses you. Asterion gores you but does no damage.
Your spectral naga sharpshooter hits Asterion.
Your spectral naga sharpshooter constricts Asterion.
Fikile hits Asterion with a +0 broad axe of flaming!
Fikile burns Asterion.
Your spectral naga hits Asterion but does no damage.
The shock serpent shoots out a bolt of lightning at you!
The bolt of electricity hits your spectral shock serpent!
The bolt of electricity hits you! You resist.
* * * LOW HITPOINT WARNING * * *
The balrug hits you with a +0 demon whip of electrocution!
You die...

Skill      XL: |  1  2  3  4  5  6  7  8  9 10 11 12 13 14 15 16 17 |
---------------+----------------------------------------------------+-----
Spellcasting   | 3 4 5 6 8 10 12 14 16 18 19 | 19.0
Fighting       | 2 8 10 13 | 13.8
Dodging        | 3 5 8 9 |  9.6
Invocations    | 2 7 |  7.0
Shields        | 4 6 7 |  7.8
Stealth        | |  1.5

Action                   |  1- 3 |  4- 6 |  7- 9 | 10-12 | 13-15 | 16-18 || total
-------------------------+-------+-------+-------+-------+-------+-------++-------
Melee: Trident           |       |     1 |       |       |       |       ||     1
 Fire: Sling             |     7 |       |       |       |       |       ||     7
 Cast: Foxfire           |    74 |    59 |   207 |   276 |   518 |    74 ||  1208
       Scorch            |       |     5 |    29 |    64 |    89 |    47 ||   234
       Flame Wave        |       |       |     2 |    28 |    42 |    26 ||    98
       Frozen Ramparts   |       |       |       |     4 |    46 |    28 ||    78
       Freeze            |       |       |       |     1 |    11 |     3 ||    15
       Airstrike         |       |       |       |    29 |   114 |   164 ||   307
       Agony             |       |       |       |       |     1 |       ||     1
       Death Channel     |       |       |       |       |    18 |    31 ||    49
       Static Discharge  |       |       |       |       |     1 |     3 ||     4
       Enfeeble          |       |       |       |       |       |     6 ||     6
Invok: Ancestor Life: Kn |       |       |       |     1 |       |       ||     1
       Ancestor Identity |       |       |       |     1 |       |       ||     1
       Recall Ancestor   |       |       |       |     1 |       |     1 ||     2
  Use: Scroll            |       |     8 |     8 |    11 |     8 |     2 ||    37
       Potion            |       |       |       |       |     2 |     1 ||     3
Armor: Robe              |     6 |     3 |     4 |     9 |       |       ||    22
       Troll leather arm |       |       |       |    11 |    67 |    71 ||   149
Dodge: Dodged            |    13 |     6 |    19 |    64 |   178 |   117 ||   397
Block: Buckler           |       |       |       |       |    20 |    28 ||    48
       Kite shield       |       |       |       |       |       |    32 ||    32
       Reflection        |       |       |       |       |       |     7 ||     7

Levels and vault maps discovered:
D:1:      lightli_arrival_statuegarden, layout_basic
D:2:      layout_rooms, basic_altar
D:3:      layout_basic
D:4:      layout_layer_cave, enter_ossuary_5
D:5:      layout_basic, mainiacjoe_overflow_alcove_1, minmay_temple_entry_wispy,
          kennysheep_generic_room_13
D:6:      layout_rooms, nicolae_gozag_conspicuous_consumption, serial_shops,
          nicolae_shop_temple_entry_statues_fountains
D:7:      layout_gridville, serial_shops, shop, guppyfry_early_elven_hall
D:8:      minmay_evil_eye, layout_loops_ring, mainiacjoe_overflow_paths,
          minmay_fire_ice_demons
D:9:      gammafunk_sealed_arena, layout_gridville,
          nicolae_overflow_hidden_temple, mainiacjoe_overflow_two_lobes
D:10:     layout_roguey, general_overflow_altar, david_orc_4, serial_shops,
          nicolae_square_shop, hangedman_incinerator
D:11:     layout_irregular_city, erik_lair_dragon
D:12:     layout_small_grid, eino_small_chamber_without_monster,
          grunt_dithmenos_shadows, uniq_kirke, uniq_nergalle
D:13:     layout_small_grid, minmay_tree_intersection, grunt_ministairs_11,
          uniq_lodul, uniq_azrael
D:14:     layout_rooms, david_vaults_4, chequers_serial_rivers_micro_e
D:15:     grunt_enter_depths_giant_problem, layout_basic,
          nicolae_ashenzari_panopticon
Temple:   hellmonk_temple_two_chambers
Lair:1:   layout_regular_city
Lair:2:   regret_index_bee_streams, layout_layer_cave, palyth_hydra_swamp_entry,
          nicolae_lair_grazing_beasts [nicolae_sub_lair_graze_edge,
          nicolae_sub_lair_graze_edge, nicolae_sub_lair_graze_edge,
          nicolae_sub_lair_graze_edge], lemuel_fruit_fields,
          serial_bayou_shore_b
Lair:3:   dreamdust_isle_of_ice, layout_chaotic_city,
          guppyfry_snake_entry_garden
Lair:4:   layout_long_grid, gauntlet_entry_generic, serial_bayou_shore_b
Lair:5:   minmay_lair_end_enchanted_forest, layout_loops_ring,
          nicolae_slime_entry_slimehenge, lemuel_fruit_tree, grunt_megastairs_1
Snake:1:  layout_layer_cave, nicolae_snake_horde_hoard, serial_bayou_shore_a
Snake:2:  layout_basic, gammafunk_ghost_cemetery, uniq_nikola
Snake:3:  layout_cave_shapes, serial_shops, shop, nicolae_snake_scaly_snakehead,
          uniq_aizul
Snake:4:  snake_pit_salamanders_mu, layout_cave_shapes, special_room,
          st_stairs_7, uniq_asterion, uniq_vashnia
Orc:1:    layout_caves, serial_shops, nicolae_shop_behind_doors
Orc:2:    pf_orc_diabolical, layout_caves, basic_altar, rock_pile, uniq_donald

Notes
Turn   | Place    | Note
-------+----------+-------------------------------------------
     0 | D:1      | Sobieck the Djinni Fire Elementalist began the quest for
                  | the Orb.
     0 | D:1      | Sobieck set off with the following spells memorised:
                  | Foxfire, Scorch, Conjure Flame, Inner Flame, Flame Wave.
     0 | D:1      | Reached XP level 1. HP: 15/15 MP: 0/0
   175 | D:1      | Reached XP level 2. HP: 17/21 MP: 0/0
   641 | D:1      | Reached skill level 3 in Spellcasting
  1107 | D:1      | Reached XP level 3. HP: 25/25 MP: 0/0
  1107 | D:1      | Learned a level 1 spell: Freeze
  1688 | D:2      | Found a shadowy altar of Dithmenos.
  2086 | D:2      | Identified the +2 sling "Pasmo" {freeze, Fly rPois Str+4}
  2222 | D:2      | Reached XP level 4. HP: 31/31 MP: 0/0
  2758 | D:3      | Reached skill level 4 in Spellcasting
  2901 | D:3      | Reached XP level 5. HP: 29/35 MP: 0/0
  2901 | D:3      | Learned a level 2 spell: Ensorcelled Hibernation
  3293 | D:4      | Noticed an ogre
  3300 | D:4      | Noticed an ogre
  3303 | D:4      | Killed an ogre
  3304 | D:4      | Reached skill level 5 in Spellcasting
  3304 | D:4      | Reached XP level 6. HP: 20/40 MP: 0/0
  3469 | D:4      | Reached XP level 7. HP: 38/45 MP: 0/0
  3469 | D:4      | Learned a level 2 spell: Static Discharge
  3864 | D:4      | Reached skill level 6 in Spellcasting
  5039 | D:5      | Entered Level 5 of the Dungeon
  5147 | D:5      | Reached XP level 8. HP: 46/50 MP: 0/0
  5331 | D:5      | Found a staircase to the Ecumenical Temple.
  5343 | Temple   | Entered the Ecumenical Temple
  5376 | Temple   | Became a worshipper of Hepliaklqana the Forgotten
  5417 | D:5      | Reached skill level 7 in Spellcasting
  5714 | D:5      | Found a burning altar of Makhleb.
  6724 | D:6      | Reached skill level 8 in Spellcasting
  6847 | D:6      | Reached * piety under Hepliaklqana
  6856 | D:6      | Found Iluky's Weapon Boutique.
  6969 | D:6      | Reached XP level 9. HP: 43/49 MP: 0/0
  6969 | D:6      | Learned a level 3 spell: Frozen Ramparts
  7093 | D:6      | Found an opulent altar of Gozag.
  7094 | D:6      | Found an opulent altar of Gozag.
  7108 | D:6      | Found an opulent altar of Gozag.
  7144 | D:6      | Found an opulent altar of Gozag.
  7365 | D:6      | Reached skill level 9 in Spellcasting
  8035 | D:7      | Found Ojaboqit's Jewellery Shop.
  8109 | D:7      | HP: 8/49 [orc priest/divine providence (9)]
  8636 | D:7      | Noticed a deep elf zephyrmancer
  8653 | D:7      | Killed a deep elf zephyrmancer
  8654 | D:7      | Reached skill level 10 in Spellcasting
  8654 | D:7      | Reached skill level 1 in Fighting
  8654 | D:7      | Reached skill level 3 in Dodging
  8849 | D:8      | Noticed a kobold demonologist
  8855 | D:8      | Reached skill level 2 in Fighting
  8856 | D:8      | Reached XP level 10. HP: 48/57 MP: 0/0
  8863 | D:8      | Killed a kobold demonologist
  8864 | D:8      | Reached skill level 3 in Fighting
  8864 | D:8      | Reached skill level 4 in Dodging
  9125 | D:8      | Found a sacrificial altar of Ru.
  9442 | D:8      | Reached skill level 4 in Fighting
  9442 | D:8      | Reached skill level 5 in Dodging
  9776 | D:8      | Reached ** piety under Hepliaklqana
  9777 | D:8      | Remembered your ancestor Fikile as a knight
 10036 | D:8      | Reached skill level 5 in Fighting
 10610 | D:9      | Found a transporter.
 10612 | D:9      | Noticed a rakshasa
 10612 | D:9      | Noticed a tengu warrior
 10615 | D:9      | Noticed an eight-headed hydra
 10615 | D:9      | Noticed a deep elf pyromancer
 10616 | D:9      | Noticed a centaur warrior
 10618 | D:9      | Noticed a boulder beetle
 10678 | D:9      | Reached skill level 6 in Fighting
 10745 | D:9      | Found an ornate altar of the Wu Jian Council.
 11137 | D:9      | Reached skill level 7 in Fighting
 11272 | D:9      | Identified the +4 helmet of Dithmenos's Outrage {rElec
                  | Will+ rCorr}
 11469 | D:9      | Found a transporter.
 11489 | D:9      | Found a blossoming altar of Fedhas.
 11748 | D:10     | Entered Level 10 of the Dungeon
 12086 | D:10     | Reached *** piety under Hepliaklqana
 12108 | D:10     | Found Yggotid's Magic Scroll Shoppe.
 12116 | D:10     | Bought a scroll of fear for 48 gold pieces
 12116 | D:10     | Bought a scroll of blinking for 90 gold pieces
 12116 | D:10     | Bought a scroll of fear for 48 gold pieces
 12132 | D:10     | Reached skill level 8 in Fighting
 12136 | D:10     | Reached XP level 11. HP: 51/72 MP: 0/0
 12136 | D:10     | Learned a level 4 spell: Airstrike
 12480 | D:10     | Found a staircase to the Orcish Mines.
 12640 | D:10     | Reached skill level 11 in Spellcasting
 13264 | D:11     | Noticed a green ugly thing
 13268 | D:11     | Killed a green ugly thing
 13432 | D:11     | Noticed a tengu warrior
 13437 | D:11     | Killed a tengu warrior
 13468 | D:11     | Reached skill level 12 in Spellcasting
 13496 | D:11     | Noticed a boulder beetle
 13501 | D:11     | HP: 14/72 [boulder beetle (17)]
 13502 | D:11     | Killed a boulder beetle
 13863 | D:11     | Reached XP level 12. HP: 53/77 MP: 0/0
 13906 | D:11     | Found a staircase to the Lair.
 14137 | D:11     | Identified a scroll of acquirement
 14138 | D:11     | Acquired 1014 gold pieces
 14310 | Lair:1   | Entered Level 1 of the Lair of Beasts
 14310 | Lair:1   | Reached **** piety under Hepliaklqana
 14476 | Lair:1   | Reached skill level 13 in Spellcasting
 14741 | Lair:1   | You are sucked into a shaft and drop 1 floor!
 14746 | Lair:2   | Noticed a catoblepas
 14761 | Lair:2   | Killed a catoblepas
 14870 | Lair:1   | Reached ***** piety under Hepliaklqana
 15553 | Lair:2   | Reached skill level 14 in Spellcasting
 15607 | Lair:2   | Reached skill level 1 in Invocations
 15873 | Lair:2   | Reached skill level 2 in Invocations
 15894 | Lair:2   | Reached XP level 13. HP: 78/83 MP: 0/0
 15894 | Lair:2   | Learned a level 5 spell: Agony
 15907 | Lair:2   | Reached skill level 6 in Dodging
 15954 | Lair:2   | Reached skill level 3 in Invocations
 16180 | Lair:2   | Reached skill level 9 in Fighting
 16180 | Lair:2   | Reached skill level 4 in Invocations
 16194 | Lair:2   | Reached skill level 7 in Dodging
 16559 | Lair:2   | Found a staircase to the Swamp.
 16599 | Lair:2   | Noticed an eight-headed hydra
 16605 | Lair:2   | Killed an eight-headed hydra
 16606 | Lair:2   | Reached skill level 5 in Invocations
 16629 | Lair:2   | Noticed a four-headed hydra
 16637 | Lair:2   | Killed a four-headed hydra
 17018 | Lair:3   | Found a staircase to the Snake Pit.
 17199 | Lair:3   | Reached skill level 8 in Dodging
 17206 | Lair:3   | Reached skill level 10 in Fighting
 17267 | Lair:3   | Reached skill level 6 in Invocations
 18043 | Lair:4   | Found a gate leading to a gauntlet.
 18050 | Gauntlet | Entered a Gauntlet
 18050 | Gauntlet | Found a transporter.
 18061 | Gauntlet | Found a transporter.
 18076 | Gauntlet | Found a transporter.
 18082 | Gauntlet | Found a transporter.
 18092 | Gauntlet | Noticed a green death
 18107 | Gauntlet | Found a transporter.
 18116 | Gauntlet | Found a transporter.
 18128 | Gauntlet | Found a transporter.
 18130 | Gauntlet | Noticed a balrug
 18140 | Gauntlet | Found a transporter.
 18152 | Gauntlet | Found a transporter.
 18164 | Gauntlet | Found a transporter.
 18182 | Gauntlet | Found a transporter.
 18199 | Gauntlet | Found a transporter.
 18201 | Gauntlet | Found a transporter.
 18229 | Gauntlet | Found a transporter.
 18231 | Gauntlet | Found a transporter.
 18233 | Gauntlet | Found a transporter.
 18262 | Gauntlet | Found a transporter.
 18264 | Gauntlet | Found a transporter.
 18420 | Gauntlet | Killed a green death
 18421 | Gauntlet | Reached skill level 7 in Invocations
 18421 | Gauntlet | Reached XP level 14. HP: 84/92 MP: 0/0
 18459 | Gauntlet | Identified the +1 cloak "Dunlasip" {Harm +Inv Stlth-}
 18530 | Gauntlet | Reached ****** piety under Hepliaklqana
 18555 | Gauntlet | Noticed a minotaur
 18563 | Gauntlet | Killed a minotaur
 18564 | Gauntlet | Reached skill level 11 in Fighting
 18930 | D:7      | Bought the ring of the Tortoise {AC+8} for 1792 gold pieces
 18930 | D:7      | Found the ring of the Tortoise {AC+8}
 19324 | Lair:4   | Reached skill level 12 in Fighting
 19669 | Lair:5   | Entered Level 5 of the Lair of Beasts
 19873 | Lair:5   | Found a staircase to the Slime Pits.
 19958 | Lair:5   | Reached skill level 13 in Fighting
 20500 | Lair:5   | Reached skill level 1 in Shields
 20567 | Lair:5   | Reached skill level 2 in Shields
 21430 | Orc:1    | Entered Level 1 of the Orcish Mines
 21441 | Orc:1    | Reached skill level 3 in Shields
 21521 | Orc:1    | Found Qaisouru's Magic Scroll Shoppe.
 21580 | Orc:1    | Bought a scroll of fear for 72 gold pieces
 21580 | Orc:1    | Bought a scroll of fear for 72 gold pieces
 21709 | Orc:1    | Reached skill level 4 in Shields
 21709 | Orc:1    | Reached XP level 15. HP: 59/102 MP: 0/0
 21709 | Orc:1    | Learned a level 6 spell: Death Channel
 21846 | Orc:2    | Entered Level 2 of the Orcish Mines
 21853 | Orc:2    | Noticed Donald
 21869 | Orc:2    | Killed Donald
 21944 | Orc:2    | Found a staircase to the Elven Halls.
 22009 | Orc:2    | Reached skill level 5 in Shields
 22464 | Orc:2    | Found Sopiwn's General Store.
 22469 | Orc:2    | Found Anisiqesch's General Store.
 22472 | Orc:2    | Reached skill level 6 in Shields
 22501 | Orc:2    | Reached skill level 15 in Spellcasting
 22895 | Orc:2    | Found Xes Muer's Jewellery Shoppe.
 22895 | Orc:2    | Found Uremoy's Antique Weapon Emporium.
 22895 | Orc:2    | Found a one-way gate leading to the halls of Pandemonium.
 22905 | Orc:2    | Bought an ichor-stained long sword for 238 gold pieces
 22905 | Orc:2    | Identified the +10 long sword of Fimbulwinter {vorpal,
                  | Drain rF+ rN+} (You bought it in a shop on level 2 of the
                  | Orcish Mines)
 23429 | Orc:1    | HP: 22/101 [orc warrior/+2 scimitar of holy wrath (12)]
 23840 | D:12     | Reached skill level 16 in Spellcasting
 23857 | D:12     | Noticed Kirke
 23882 | D:12     | Killed Kirke
 23948 | D:12     | Found a shadowy altar of Dithmenos.
 24137 | D:12     | Noticed Nergalle
 24142 | D:12     | Killed Nergalle
 24543 | D:13     | Noticed Azrael
 24553 | D:13     | Killed Azrael
 24601 | D:13     | Noticed Lodul
 24605 | D:13     | Reached XP level 16. HP: 79/108 MP: 0/0
 24612 | D:13     | Killed Lodul
 25481 | D:14     | Reached skill level 17 in Spellcasting
 25542 | D:14     | Found a gate to the Vaults.
 25772 | D:15     | Entered Level 15 of the Dungeon
 25795 | D:15     | Found a staircase to the Depths.
 25796 | D:15     | Noticed a fire giant
 25805 | D:15     | Killed a fire giant
 26118 | D:15     | Found a broken altar of Ashenzari.
 26935 | Snake:1  | Entered Level 1 of the Snake Pit
 27244 | Snake:1  | Found a runed translucent gate.
 27244 | Snake:1  | Found a runed translucent gate.
 27244 | Snake:1  | Found a runed translucent gate.
 27614 | Snake:1  | Reached skill level 18 in Spellcasting
 28196 | Snake:2  | Reached XP level 17. HP: 79/113 MP: 0/0
 28196 | Snake:2  | Learned a level 7 spell: Enfeeble
 28553 | Snake:2  | Noticed Nikola
 28565 | Snake:2  | HP: 20/113 [Nikola/arc of chain lightning (54)]
 28568 | Snake:2  | Killed Nikola
 28665 | Snake:2  | Found a runed translucent gate.
 28666 | Snake:2  | Found a runed translucent gate.
 28666 | Snake:2  | Found a runed translucent gate.
 28666 | Snake:2  | Noticed Yogidamonk's ghost (journeyman MiBe)
 28666 | Snake:2  | Noticed Yogidamonk's ghost (journeyman MiBe)
 28666 | Snake:2  | Noticed Itub's ghost (adept GrFi)
 28667 | Snake:2  | Noticed Arruroer's ghost (journeyman MiAK)
 28969 | Snake:2  | Reached skill level 19 in Spellcasting
 29188 | Snake:3  | Noticed Aizul
 29199 | Snake:3  | Killed Aizul
 29295 | Snake:3  | Found Zif Ifao's Magic Scroll Shop.
 29850 | Snake:3  | Reached skill level 7 in Shields
 29852 | Snake:3  | Reached skill level 9 in Dodging
 30096 | Snake:3  | Identified the +5 quarterstaff "Riryujau" {vorpal, Int+4}
 30250 | Snake:4  | Entered Level 4 of the Snake Pit
 30250 | Snake:4  | Noticed Asterion
 30272 | Snake:4  | HP: 19/115 [balrug/+0 demon whip of electrocution[Asterion]
                  | (12)]
 30273 | Snake:4  | HP: 8/115 [shock serpent/bolt of electricity (7)]
 30273 | Snake:4  | Mangled by a balrug

Vanquished Creatures
  Nikola (Snake:2)
  Donald (Orc:2)
  A fire giant (D:15)
  Aizul (Snake:3)
  A minotaur (Gauntlet)
  Azrael (D:13)
  3 salamander tyrants
  A catoblepas (Lair:2)
  2 boulder beetles
  A hydra (shapeshifter) (D:15)
  3 centaur warriors
  6 hydras
  A demonspawn (Orc:2)
  An anaconda (Snake:2)
  A two-headed ogre (Orc:1)
  4 naga warriors
  A tengu warrior (D:11)
  5 death yaks
  4 orc high priests (Orc:2)
  5 naga sharpshooters
  4 shock serpents
  2 slime creatures (D:13)
  A salamander mystic (Snake:2)
  Lodul (D:13)
  Nergalle (D:12)
  A deep troll (D:14)
  5 orc knights
  A wizard (Gauntlet)
  A deep elf zephyrmancer (D:7)
  A deep elf pyromancer (D:12)
  A lindwurm (Lair:5)
  A wolf spider (D:15)
  9 orc sorcerers
  A mana viper (Snake:4)
  An ugly thing (D:12)
  A manticore (D:12)
  3 elephants (Lair:2)
  4 guardian serpents
  A salamander (Snake:1)
  20 black mambas
  An orange demon (Gauntlet)
  4 cyclopes
  4 naga magi
  7 cane toads
  2 freezing wraiths
  A kobold demonologist (D:8)
  2 rime drakes
  5 komodo dragons
  3 yaktaurs
  3 tengu conjurers
  An efreet (D:14)
  An anaconda simulacrum (Lair:3)
  5 trolls
  5 hornets (Lair:5)
  4 polar bears
  A queen bee (Lair:2)
  8 blink frogs
  10 spriggans (Lair:5)
  5 wyverns
  A water elemental (D:15)
  A wraith (D:11)
  4 shadows
  2 hogs (D:12)
  2 fire elementals (D:13)
  5 fire bats
  27 yaks
  2 basilisks
  A steam dragon (Lair:2)
  2 wargs (Orc:1)
  12 nagas
  3 acid dragons
  4 swamp worms (Lair:2)
  9 water moccasins
  3 hell hounds
  23 orc warriors
  3 black bears
  An ice beast (D:5)
  A sky beast (D:8)
  8 ogres
  23 wolves
  6 centaurs
  4 boggarts (Lair:5)
  A phantom (D:5)
  3 necrophages
  4 kobold brigands
  13 bullfrogs
  3 scorpions
  29 killer bees
  3 electric eels
  2 howler monkeys
  A crimson imp (D:8)
  4 hounds
  2 lava snakes (D:10)
  8 jellies
  18 orc priests
  A gnoll bouda (D:7)
  6 iguanas
  11 orc wizards
  A troll simulacrum (Lair:3)
  5 adders
  19 gnolls
  A naga simulacrum (Lair:3)
  A shadow imp (D:5)
  2 white imps
  3 dart slugs
  51 orcs
  10 endoplasms
  4 giant cockroaches
  3 goblins
  6 hobgoblins
  23 kobolds
  A quokka (D:1)
  7 ball pythons
  4 bats
  5 frilled lizards
  4 rats
  2 bushes
  2 fire vortices (D:10)
586 creatures vanquished.

Vanquished Creatures (collateral kills)
  Kirke (D:12)
  A green death (Gauntlet)
  2 demonspawn (Orc:2)
  2 hydras
  A two-headed ogre (D:12)
  A centaur warrior (D:13)
  6 anacondas
  11 naga warriors
  4 shock serpents
  5 naga sharpshooters
  A fire crab (Gauntlet)
  2 sea snakes (Snake:1)
  A salamander mystic (Snake:2)
  A naga ritualist (Snake:2)
  2 orc knights (Orc:2)
  A wizard (D:14)
  6 ugly things
  4 cyclopes
  3 orc sorcerers (Orc:2)
  2 mana vipers
  8 salamanders
  A manticore (Lair:2)
  2 elephants (Lair:2)
  An ice statue (Lair:3)
  2 guardian serpents
  8 black mambas
  A smoke demon (Orc:2)
  3 cane toads
  A rust devil (Orc:2)
  6 naga magi
  2 yaktaurs (D:15)
  3 komodo dragons
  An ice devil (Lair:3)
  3 trolls
  2 polar bears
  6 slime creatures (D:14)
  3 blink frogs
  A shadow (D:12)
  2 spriggans (Lair:5)
  2 wyverns
  2 fire bats
  A vampire (D:12)
  8 yaks
  A hog (D:12)
  A basilisk (Lair:2)
  A death yak simulacrum (Lair:3)
  19 nagas
  3 wargs (Orc:2)
  2 acid dragons
  5 water moccasins
  2 hell hounds (D:13)
  11 orc warriors
  6 ogres
  A black bear (Lair:5)
  7 centaurs
  7 wolves
  3 bullfrogs
  A kobold brigand (D:8)
  A gnoll sergeant (D:10)
  An elephant simulacrum (Lair:3)
  4 killer bees (Lair:2)
  A howler monkey (D:9)
  8 orc priests
  A gnoll bouda (D:8)
  4 orc wizards
  A troll simulacrum (Lair:3)
  5 gnolls
  A shadow imp (Gauntlet)
  A white imp (Gauntlet)
  26 orcs
  2 kobolds
  A butterfly (Lair:2)
  A fire vortex (D:10)
  30 foxfires
284 creatures vanquished.

Vanquished Creatures (others)
  2 naga magi
  A rime drake (Lair:3)
  A kobold demonologist (D:13)
  2 humans (D:12)
  15 knights
  An ancestor (D:7)
  7 demonic plants (Gauntlet)
  1971 foxfires
  20 fungi
  68 plants
  A withered plant (Snake:2)
2089 creatures vanquished.

Grand Total: 2959 creatures vanquished

Table legend:
 A = Non-vault XP
 B = Vault XP
 C = Vault XP percentage of total XP
 D = Non-vault monster count
 E = Vault monster count
 F = Vault count percentage of total count
                 A         B        C        D         E       F
            +---------+---------+-------+---------+---------+-------
      Total |  121711 |   83026 |  40.6 |     536 |     301 |  36.0
            +---------+---------+-------+---------+---------+-------
        D:1 |      33 |       0 |   0.0 |      19 |       0 |   0.0
        D:2 |      36 |       0 |   0.0 |      14 |       0 |   0.0
        D:3 |     188 |       0 |   0.0 |      18 |       0 |   0.0
        D:4 |     569 |       0 |   0.0 |      24 |       0 |   0.0
        D:5 |     738 |      12 |   1.6 |      20 |       1 |   4.8
        D:6 |     869 |       0 |   0.0 |      19 |       0 |   0.0
        D:7 |     625 |     637 |  50.5 |      17 |       1 |   5.6
        D:8 |    1018 |     479 |  32.0 |      21 |       6 |  22.2
        D:9 |    1495 |       0 |   0.0 |      29 |       0 |   0.0
       D:10 |    2674 |    1689 |  38.7 |      30 |      22 |  42.3
       D:11 |    3570 |     969 |  21.3 |      11 |       5 |  31.2
       D:12 |    4750 |    2769 |  36.8 |      11 |       6 |  35.3
       D:13 |    5174 |    4874 |  48.5 |      14 |      17 |  54.8
       D:14 |    7459 |    1989 |  21.1 |      17 |       3 |  15.0
       D:15 |    8021 |    1292 |  13.9 |      20 |       1 |   4.8
     Lair:1 |    4753 |       0 |   0.0 |      20 |       0 |   0.0
     Lair:2 |    4743 |   11273 |  70.4 |      19 |      61 |  76.2
     Lair:3 |    1790 |    3904 |  68.6 |      10 |      17 |  63.0
     Lair:4 |    6610 |       0 |   0.0 |      15 |       0 |   0.0
     Lair:5 |    6865 |    9101 |  57.0 |      28 |      52 |  65.0
    Snake:1 |   13897 |     448 |   3.1 |      30 |       1 |   3.2
    Snake:2 |   25070 |    2251 |   8.2 |      48 |       1 |   2.0
    Snake:3 |    7058 |   18540 |  72.4 |      14 |      32 |  69.6
    Snake:4 |    3911 |       0 |   0.0 |       8 |       0 |   0.0
      Orc:1 |    5956 |       0 |   0.0 |      31 |       0 |   0.0
      Orc:2 |    3839 |   18409 |  82.7 |      29 |      65 |  69.1
   Gauntlet |       0 |    4390 | 100.0 |       0 |      10 | 100.0
            +---------+---------+-------+---------+---------+-------

Illustrated notes

Table legend:
 A = Kills in this place as a percentage of kills in entire the game.
 B = Kills by you in this place as a percentage of kills by you in the entire game.
 C = Kills by friends in this place as a percentage of kills by friends in the entire game.
 D = Other kills in this place as a percentage of other kills in the entire game.
 E = Experience gained in this place as a percentage of experience gained in the entire game.
 F = Experience gained in this place divided by the number of levels of this place that you have seen.
                   A       B       C       D       E      F
               +-------+-------+-------+-------+-------+----------------------
         Total | 100.0 | 100.0 | 100.0 | 100.0 | 100.0 | 7312.0
       Dungeon |  41.3 |  46.4 |  29.8 |  33.3 |  25.4 | 3461.9
          Lair |  26.5 |  29.7 |  19.0 |  33.3 |  24.0 | 9807.8
     Snake Pit |  16.0 |  10.3 |  29.0 |  33.3 |  34.8 | 17793.8
  Orcish Mines |  14.9 |  12.7 |  20.2 |   0.0 |  13.8 | 14102.0
      Gauntlet |   1.2 |   0.9 |   2.0 |   0.0 |   2.1 | 4390.0
               +-------+-------+-------+-------+-------+----------------------

Table legend: (Time is in decaauts)
 A = Elapsed time spent in this place.
 B = Non-inter-level travel time spent in this place.
 C = Inter-level travel time spent in this place.
 D = Time resting spent in this place.
 E = Time spent auto-exploring this place.
 F = Levels seen in this place.
 G = Mean time per level.
                   A        B        C        D        E       F      G
               +--------+--------+--------+--------+--------+-----+--------+
         Total |  30260 |  28365 |   1895 |   4327 |  17548 |  28 | 1080.7 |
       Dungeon |  18046 |  16763 |   1283 |   2927 |  11342 |  15 | 1203.1 |
        Temple |     39 |     39 |      0 |      0 |      0 |   1 |   39.0 |
          Lair |   6144 |   5742 |    402 |    576 |   3772 |   5 | 1228.8 |
     Snake Pit |   3313 |   3206 |    107 |    391 |   1587 |   4 |  828.2 |
  Orcish Mines |   2155 |   2054 |    101 |    424 |    826 |   2 | 1077.5 |
      Gauntlet |    559 |    559 |      0 |      9 |     21 |   1 |  559.0 |
               +--------+--------+--------+--------+--------+-----+--------+

Top non-repeatable levels by time:
     D:4: 1896 daAuts
    D:10: 1809 daAuts
  Lair:2: 1779 daAuts
   Orc:2: 1526 daAuts
  Lair:5: 1485 daAuts
     D:9: 1482 daAuts
     D:1: 1422 daAuts
     D:7: 1338 daAuts
     D:8: 1312 daAuts
 Snake:1: 1309 daAuts
    D:11: 1294 daAuts
     D:5: 1265 daAuts
  Lair:3: 1188 daAuts
     D:6: 1182 daAuts
 Snake:3: 1118 daAuts
